 Dungeon Crawl Stone Soup version 0.31-a0-986-g5e6e4ef867 (webtiles) character file.

Game seed: 13526403844405149414

93 avis the Ducker (level 4, 19/19 HPs)
             Began as a Felid Shapeshifter on Nov 19, 2023.
             Got out of the dungeon alive.
             The game lasted 00:09:47 (2393 turns).

avis the Ducker (Felid Shapeshifter)                Turns: 2393, Time: 00:09:47

Health: 19/19      AC:  1    Str: 10    XL:     4   Next: 37%
Magic:  5/5        EV: 20    Int: 11    God:
Gold:   126        SH:  0    Dex: 17    Spells: 3/3 levels left
                                        Lives:  0   Deaths: 2

rFire   . .          .
                       - Unarmed
rCold   . . .        (shield unavailable)
rNeg    . . .        (body armour unavailable)
rPois   .            (helmet unavailable)
rElec   .            (cloak unavailable)
rCorr   .            (gloves unavailable)
SInv    +            (boots unavailable)
Will    .....        (no amulet)
Stlth   ++           (no ring)
HPRegen 0.23/turn    (no ring)
MPRegen 0.09/turn

%: no passive effects
@: beast-form, quick
A: beast (slay +2), very small, claws 1, fangs 3, see invisible, speed 1, shaggy
fur 1, stealthy paws, no weapons or thrown items, no armour, multi-lived
a: Begin Untransformation


You escaped.
You were a hulking beast.
You visited 1 branch of the dungeon, and saw 3 of its levels.

You collected 126 gold pieces.

Inventory:

Jewellery
 g - an amulet of faith
Talismans
 b - a beast talisman
 c - a flux talisman
Scrolls
 d - 5 scrolls of identify {unknown}
 f - a scroll of blinking {unknown}
 h - 2 scrolls of fog {unknown}
 i - a scroll of enchant armour {unknown}
 j - a scroll of teleportation {unknown}
 m - a scroll of revelation {unknown}
Potions
 a - a potion of lignification
 e - 3 potions of curing
 k - a potion of haste {unknown}
 l - a potion of ambrosia {unknown}
 n - a potion of might {unknown}


   Skills:
 - Level 2.0 Fighting
 * Level 5.5 Dodging
 - Level 3.0 Unarmed Combat
 - Level 3.5 Shapeshifting


You had 3 spell levels left.
You didn't know any spells.
Your spell library contained the following spells:

 Spells                   Type           Power      Damage    Failure   Level
 Volatile Blastmotes      Fire/Tloc      0%         2d10      71%         3
 Fulminant Prism          Conj/Hex       0%         3d5       98%         4
 Iskenderun's Mystic Bla  Conj/Tloc      0%         2d3       98%         4


Dungeon Overview and Level Annotations

Branches:
Dungeon (3/15)

Altars:

Annotations:
D:1 glass rock wall with treasure.
D:3 Robin


Innate Abilities, Weirdness & Mutations

You are a hulking beast.
Your limbs bulge with bestial killing power. (Slay +2)
You have sharp claws.
You have razor-sharp teeth.
You have supernaturally acute eyesight. (SInv)
You cover ground quickly. (Speed+)
You are covered in fur. (AC +1)
Your paws help you pounce on unaware monsters.
You are incapable of wielding weapons or throwing items.
You cannot wear armour.
You gain extra lives every three experience levels.


Message History

The bat misses you.
You barely miss the bat. Your bite misses the bat. The bat barely misses you.
The bat completely misses you.
You scratch the white imp.
You bite the white imp, but do no damage.
The white imp is moderately wounded.
The bat misses you. The white imp closely misses you.
You claw the white imp!
The white imp is severely wounded.
The bat hits you. The white imp gestures at you. The puff of frost misses you.
You barely miss the white imp.
The white imp is severely wounded.
The bat completely misses you. The white imp gestures at you.
The puff of frost hits you!
You scratch the white imp but do no damage.
You bite the white imp, but do no damage.
The white imp is severely wounded.
The bat hits you but does no damage. The white imp gestures at you.
The puff of frost hits you!
Ouch! That really hurt!
You die...
Your shape twists and changes as you die.
You rejoin the land of the living...
A goblin comes into view. It is wielding a +0 dagger.
The goblin moves out of view.
There is a stone staircase leading up here.
You climb upwards.
There is a stone staircase leading down here.
What level of the Dungeon? (default 3, ? - help)
You see here a +0 dagger.
There is a stone staircase leading up here.
You climb upwards.
Level annotation: glass rock wall with treasure.
There is a stone staircase leading down here.
There is a staircase leading out of the dungeon here.
You have escaped!

##......#...#...#.......# #.
#....#...#..#..#...#..### ##.
#.....#..#..#..#[.#....####..
#..)...#..#.#.#..#.....##...#
#...#...#.#.#.#.#...#..#>.###
##...##..#.#.#.#..##.....##
#.....##.#...#.##.....###
#.....).#.....#.......#
#.######...h...######.##
#.......#...[.#........#####
#.....##.#...#.##..(........
#...##..#.#.#.#..##....###..
#..#...#.#.#.#.#...#...#...#
#.....#..#.#.#..#........###
#...[#..#..#..#..#.....### #
##..#...#..#..#...#....# #
#.....#...#...#.....#.# #


There were no monsters in sight!

Vanquished Creatures
  A hound (D:3)
  4 bats
  2 endoplasms (D:1)
  A giant cockroach (D:1)
  13 goblins
  10 hobgoblins
  4 jackals (D:2)
  5 kobolds
  2 quokkas
  4 ball pythons (D:1)
  7 frilled lizards
  A rat (D:1)
54 creatures vanquished.

Notes
Turn   | Place    | Note
-------+----------+-------------------------------------------
     0 | D:1      | avis the Felid Shapeshifter began the quest for the Orb.
     0 | D:1      | Reached XP level 1. HP: 9/9 MP: 2/2
    46 | D:1      | Reached skill level 3 in Dodging
   108 | D:1      | Reached XP level 2. HP: 12/12 MP: 3/3
   137 | D:1      | Found a faded altar of an unknown god.
   983 | D:2      | Reached XP level 3. HP: 16/16 MP: 4/4
  1462 | D:2      | Reached skill level 4 in Dodging
  2086 | D:3      | Noticed Robin
  2240 | D:3      | Succumbed to Robin's poison
  2268 | D:3      | Reached skill level 5 in Dodging
  2268 | D:3      | Reached XP level 4. HP: 12/19 MP: 5/5
  2310 | D:3      | Killed from afar by a white imp
  2393 | D:$      | Got out of the dungeon alive.

Illustrated notes

Levels and vault maps discovered:
D:1:      minmay_arrival_radiant_lines, layout_rooms,
          shapermc_ecumenical_altar_mp_urbaneastern, due_unseen_surprise
D:2:      layout_basic, minmay_quadrilaterals
D:3:      layout_rooms, pdpol_wu_jian_five_deadly_venoms, gammafunk_ghost_smash,
          uniq_robin, uniq_ijyb

Skill      XL: |  1  2  3 |
---------------+----------+-----
Dodging        | 3 5 |  5.5
Fighting       | 2 |  2.0
Unarmed Combat | |  3.0
Shapeshifting  | |  3.5

Action                     |  1- 3 |  4- 6 || total
---------------------------+-------+-------++-------
  Melee: Unarmed           |   138 |     7 ||   145
         Bite              |    10 |     2 ||    12
         Punch             |     2 |       ||     2
    Use: Potion            |     1 |       ||     1
   Stab: Sleeping          |     3 |       ||     3
 Armour: Skin              |    33 |     5 ||    38
  Dodge: Dodged            |   130 |    10 ||   140

Table legend: (Time is in decaauts)
 A = Elapsed time spent in this place.
 B = Non-inter-level travel time spent in this place.
 C = Inter-level travel time spent in this place.
 D = Time resting spent in this place.
 E = Time spent auto-exploring this place.
 F = Levels seen in this place.
 G = Mean time per level.
                   A        B        C        D        E       F      G
               +--------+--------+--------+--------+--------+-----+--------+
         Total |   1992 |   1745 |    247 |    142 |    958 |   3 |  664.0 |
       Dungeon |   1992 |   1745 |    247 |    142 |    958 |   3 |  664.0 |
               +--------+--------+--------+--------+--------+-----+--------+

Top non-repeatable levels by time:
     D:2: 1259 daAuts
     D:1: 637 daAuts
     D:3: 95 daAuts
